 Dungeon Crawl Stone Soup version 0.16.1-51-g6203257 (webtiles) character file.

137 Jinxed the Sneak (level 5, -3/25 HPs)
             Began as a Spriggan Enchanter on Aug 10, 2015.
             Slain by Grinder (5 damage)
             ... on level 3 of the Dungeon.
             The game lasted 00:09:23 (1706 turns).

Jinxed the Sneak (Spriggan Enchanter)               Turns: 1706, Time: 00:09:23

Health: -3/25      AC:  5    Str:  4    XL:     5   Next: 0%
Magic:  16/18      EV: 22    Int: 16    God:
Gold:   155        SH:  0    Dex: 18    Spells: 4 memorised, 3 levels left

rFire  . . .     SeeInvis +     a - +1 dagger
rCold  . . .     Clarity  .     b - +1 robe
rNeg   . . .     SustAb   .     (shield restricted)
rPois  .         Gourm    .     (helmet restricted)
rElec  .         Spirit   .     o - +1 cloak {+Inv}
rCorr  +         Warding  .     (gloves unavailable)
rMut   .         Stasis   .     (boots unavailable)
MR     .....                    r - amulet of resist corrosion
Stlth  ++++......               (no ring)
                                e - +3 ring of evasion

@: bonded with blade, very quick, not resistant to hostile enchantments,
stealthy
A: unfitting armour, see invisible, herbivore 3, speed 3, slow metabolism 2
a: Evoke Invisibility


You were on level 3 of the Dungeon.
You were not hungry.

You visited 1 branch of the dungeon, and saw 3 of its levels.

You collected 155 gold pieces.

Inventory:

Hand weapons
 a - a +1 dagger (weapon)
Armour
 b - a +1 robe (worn)
 l - a +2 cloak of poison resistance
 o - a +1 cloak of invisibility (worn)
Jewellery
 e - a +3 ring of evasion (left hand)
 r - an amulet of resist corrosion (around neck)
Scrolls
 g - 3 scrolls of teleportation {unknown}
 h - 2 scrolls of random uselessness {unknown}
 k - 2 scrolls of fear {unknown}
 m - a scroll of immolation {unknown}
 p - a scroll of magic mapping {unknown}
 q - a scroll of remove curse {unknown}
Potions
 f - a potion of curing {unknown}
 i - a potion of haste {unknown}
 n - a potion of ambrosia {unknown}
Books
 c - a book of Maledictions

   Spells                             Type                      Level
   a - Corona                         Hexes                        1
   b - Sure Blade                     Hexes/Charms                 2
   c - Ensorcelled Hibernation        Hexes/Ice                    2
   d - Confuse                        Hexes                        3
   e - Dazzling Spray                 Conjuration/Hexes            3
   f - Enslavement                    Hexes                        4
Comestibles
 d - 5 bread rations
 j - 4 fruits


   Skills:
 + Level 0.8 Fighting
 + Level 2.1 Short Blades
 + Level 4.0 Dodging
 + Level 5.4 Stealth
 * Level 4.0 Spellcasting
 + Level 4.2 Hexes
 + Level 0.0 Charms
 + Level 0.1 Ice Magic


You had 3 spell levels left.
You knew the following spells:

 Your Spells              Type           Power        Failure   Level  Hunger
a - Corona                Hex            ###....      3%          1    None
b - Ensorcelled Hibernat  Hex/Ice        ##....       12%         2    ##.....
c - Enslavement           Hex            ###.....     34%         4    ####...
d - Sure Blade            Hex/Chrm       ##........   12%         2    ##.....


Dungeon Overview and Level Annotations

Branches:
Dungeon (3/15)

Altars:

Annotations:
D:3 Grinder


Innate Abilities, Weirdness & Mutations

You are tiny and cannot use many weapons and most armour.
You have supernaturally acute eyesight.
You are a herbivore.
You cover ground extremely quickly.
You need consume almost no food.


Message History

Grinder blinks!
You completely miss Grinder.
Grinder is lightly wounded.
Grinder barely misses you.
You hit Grinder.
Grinder is lightly wounded.
Grinder gestures at you. You resist with some effort.
You hit Grinder.
Grinder is moderately wounded.
Grinder hits you but does no damage.
You hit Grinder but do no damage.
Grinder is moderately wounded.
Grinder misses you.
You hit Grinder but do no damage.
Grinder is moderately wounded.
Grinder hits you!
* * * LOW HITPOINT WARNING * * *
You writhe in agony.
You die...

### ### ## #.########.# #.
#..........# #.
#.########5######### ###.
#.# #$@(....... ..#) #†#
########### #.#. #.#
###.......######.#. #.#
#....†.##......#'#.
#.########......#######.....
#...................# #.....
#......####........###.#
#.....
.........+[).........#
#.#+#.
###......####........# #.#
#.


You could see Grinder.

Vanquished Creatures
  Crazy Yiuf (D:2)
  Ijyb (D:2)
  3 adders (D:2)
  2 giant geckos
  4 orcs (D:3)
  3 bats
  2 giant cockroaches (D:2)
  6 goblins
  4 hobgoblins
  10 jackals
  A kobold (D:2)
  6 ball pythons
  3 giant newts
  A quokka (D:2)
  9 rats
56 creatures vanquished.

Notes
Turn   | Place    | Note
--------------------------------------------------------------
     0 | D:1      | Jinxed, the Spriggan Enchanter, began the quest for the Orb.
     0 | D:1      | Reached XP level 1. HP: 9/9 MP: 4/4
   313 | D:1      | Reached XP level 2. HP: 13/13 MP: 6/8
   331 | D:1      | Learned a level 2 spell: Ensorcelled Hibernation
   814 | D:2      | Noticed Ijyb
   847 | D:2      | Reached XP level 3. HP: 16/16 MP: 9/11
   910 | D:2      | Killed Ijyb
   927 | D:2      | Reached skill level 5 in Stealth
  1020 | D:2      | Reached XP level 4. HP: 21/21 MP: 14/14
  1161 | D:2      | Noticed Crazy Yiuf
  1167 | D:2      | Killed Crazy Yiuf
  1239 | D:2      | Learned a level 4 spell: Enslavement
  1242 | D:2      | Learned a level 2 spell: Sure Blade
  1683 | D:3      | Reached XP level 5. HP: 25/25 MP: 18/18
  1697 | D:3      | Noticed Grinder
  1706 | D:3      | Slain by Grinder

Action                   |  1- 3 |  4- 6 || total
-------------------------+-------+-------++-------
Melee: Dagger            |    98 |    83 ||   181
 Cast: Corona            |     4 |     3 ||     7
       Ensorcelled Hiber |     4 |     6 ||    10
       Sure Blade        |       |     3 ||     3
 Stab: Sleeping          |    12 |    11 ||    23
